 Dungeon Crawl Stone Soup version 0.22-a0-525-gf69a080 (webtiles) character file.

38 iamserjio the Ruffian (level 3, 0/18 HPs)
             Began as a Vine Stalker Wanderer on June 21, 2018.
             Slain by Robin
             ... wielding a +0 short sword
              (2 damage)
             ... on level 2 of the Dungeon.
             The game lasted 00:03:40 (305 turns).

iamserjio the Ruffian (Vine Stalker Wanderer)        Turns: 305, Time: 00:03:40

Health: 0/18       AC:  5    Str: 15    XL:     3   Next: 43%
Magic:  0/4        EV: 10    Int: 15    God:
Gold:   47         SH:  0    Dex: 10    Spells: 2/2 levels left

rFire    + + .     SeeInvis .     - Unarmed
rCold    + . .     Gourm    .   (no shield)
rNeg     . . .     Faith    .   c - +0 ring mail
rPois    +         Spirit   +   (no helmet)
rElec    +         Reflect  .   (no cloak)
rCorr    +         Harm     .   (no gloves)
MR       .....                  (no boots)
Stlth    +.........             (no amulet)
HPRegen  0.06/turn              g - ring of protection from fire
MPRegen  0.09/turn              (no ring)

@: resistant
A: fangs 2, magic shield, antimagic bite, no potion heal 3, rot immunity
a: no special abilities


You were on level 2 of the Dungeon.
You were not hungry.

You visited 1 branch of the dungeon, and saw 2 of its levels.

You collected 47 gold pieces.

Inventory:

Hand Weapons
 e - a +0 club
Armour
 c - a +0 ring mail (worn)
Jewellery
 g - a ring of protection from fire (left hand)
Scrolls
 a - a scroll of blinking
 b - a scroll of fear
 i - a scroll of magic mapping {unknown}
Potions
 d - 3 potions of curing {@q1}
 h - a potion of resistance
Comestibles
 f - 6 rations


   Skills:
 * Level 1.7 Fighting
 - Level 1.0 Throwing
 - Level 2.6 Armour
 - Level 1.2 Stealth
 + Level 5.4 Unarmed Combat


You had 2 spell levels left.
You didn't know any spells.
Your spell library was empty.

Dungeon Overview and Level Annotations

Branches:
Dungeon (2/15)

Altars:

Annotations:
D:2 Robin


Innate Abilities, Weirdness & Mutations

You have extremely sharp teeth.
When hurt, damage is shared between your health and your magic reserves.
Your bite disrupts and absorbs the magic of your enemies.
Potions cannot restore your health.
You are immune to rotting.


Message History

The goblin is moderately wounded.
The goblin hits you but does no damage.
Robin roars a battlecry!
The goblin goes into a battle-frenzy!
You hear a shout! x2
You hit the goblin but do no damage. Your bite misses the goblin.
The goblin is moderately wounded.
The goblin hits you with a dagger.
* * * LOW HITPOINT WARNING * * *
You hit the goblin.
You kill the goblin!
There is a stone staircase leading down here.
You aren't carrying any items that you can evoke.
Okay, then.
It was a potion of resistance.
You feel protected.
You hit Robin. Your bite misses Robin.
Robin is lightly wounded.
Robin hits you with a short sword.
You die...

## ## ###.. .. ..
....#.###. ##### .#
g...#..... ...##.##
..##..#..####......#
..##..#.#..#.......#
#.. ..#.#..#.....# #)#
#.#.#@.#.....+
.#####.###.#.g..#.....#
#......g...#.#.##.#'###
#......###.)...##.#.#
#......# #.#......#.#
#......###+#......#.#
........##.......#.#.#
....######.......+.#..
.... ..........###.#


You could see Robin.

Vanquished Creatures
  An adder (D:2)
  A dart slug (D:1)
  A leopard gecko (D:1)
  A ball python (D:1)
  A giant cockroach (D:1)
  7 goblins
  5 hobgoblins
  3 bats
  A frilled lizard (D:1)
  A kobold (D:1)
  2 rats (D:1)
24 creatures vanquished.

Notes
Turn   | Place    | Note
-------+----------+-------------------------------------------
     0 | D:1      | iamserjio the Vine Stalker Wanderer began the quest for the Orb.
     0 | D:1      | iamserjio set off with: a scroll of blinking, a scroll of fear, a +0 ring mail, a potion of curing {@q1}, a +0 club, a ration
     0 | D:1      | Reached XP level 1. HP: 9/9 MP: 2/2
    55 | D:1      | Reached XP level 2. HP: 8/14 MP: 3/3
   138 | D:1      | Reached skill level 1 in Fighting
   232 | D:2      | Reached XP level 3. HP: 3/18 MP: 2/4
   290 | D:2      | Noticed Robin
   305 | D:2      | Slain by Robin

Vault maps used:
D:1:      dpeg_arrival_arbitrary_c, minmay_split_cup_small
D:2:      elyvilon_altar_1, bloody_makhleb, uniq_robin

Skill      XL: |  1  2 |
---------------+-------+-----
Fighting       | 1 |  1.7
Throwing       | |  1.0
Armour         | |  2.6
Stealth        | |  1.2
Unarmed Combat | |  5.4

Action                   || total
-------------------------++-------
Melee: Unarmed           ||    70
       Bite              ||    10
       Punch             ||     1
  Use: Potion            ||     1
Armor: Ring mail         ||    24
Dodge: Dodged            ||    41

Table legend:
 A = Spawn XP
 B = Non-spawn XP
 C = Spawn XP percentage of total XP
 D = Spawn monster count
 E = Non-spawn monster count
 F = Spawn count percentage of total count
 G = Total turns spent on level
                    A         B        C        D         E        F      G
               +---------+---------+-------+---------+---------+-------+---------
         Total |       0 |      55 |   0.0 |       0 |      24 |   0.0 |   305
               +---------+---------+-------+---------+---------+-------+---------
           D:1 |       0 |      30 |   0.0 |       0 |      16 |   0.0 |   223
           D:2 |       0 |      25 |   0.0 |       0 |       8 |   0.0 |    82
               +---------+---------+-------+---------+---------+-------+---------
